 Dungeon Crawl Stone Soup version 0.17.1-1-g73c8601 (console) character file.

9721 Kloppie the Basher (level 11, -7/126 (127) HPs)
             Began as an Ogre Gladiator on Dec 28, 2015.
             Was a High Priest of Makhleb.
             Mangled by a manticore (10 damage)
             ... on level 11 of the Dungeon.
             The game lasted 00:20:33 (12991 turns).

Kloppie the Basher (Ogre Gladiator)                Turns: 12991, Time: 00:20:33

HP:   -7/126 (127)  AC:  5    Str: 22    XL:     11   Next: 50%
MP:   11/11         EV: 18    Int:  7    God:    Makhleb [*****.]
Gold: 370           SH:  0    Dex: 13    Spells: 0 memorised, 10 levels left

rFire  . . .     SeeInvis .     a - +1 morningstar
rCold  . . .     Clarity  .     b - +0 robe
rNeg   . . .     SustAt   +     (no shield)
rPois  .         Gourm    .     m - +1 hat
rElec  .         Spirit   .     B - +0 cloak {MR+}
rCorr  .         Warding  .     (gloves unavailable)
rMut   .         Stasis   .     (boots unavailable)
MR     ++...                    (no amulet)
Stlth  +.........               C - ring of sustain attributes
                                s - +3 ring of evasion

@: very resistant to hostile enchantments, very unstealthy
A: unfitting armour, tough skin 1
a: Minor Destruction, Lesser Servant of Makhleb, Major Destruction, Greater
Servant of Makhleb, Renounce Religion


You were on level 11 of the Dungeon.
You worshipped Makhleb.
Makhleb was extremely pleased with you.
You were hungry.

You visited 1 branch of the dungeon, and saw 11 of its levels.

You collected 464 gold pieces.
You spent 94 gold pieces at shops.

Inventory:

Hand Weapons
 a - a +1 morningstar (weapon)
 u - a cursed -3 dire flail
 E - a +0 flail
 F - the +3 great mace of Nerumom {elec, +Blink rElec rPois Dex-4}
   (You found it on level 5 of the Dungeon)

   Occasionally, upon striking a foe, it will discharge some electrical energy
   and cause terrible harm.
   It affects your dexterity (-4).
   It insulates you from electricity.
   It protects you from poison.
   It lets you blink.
Missiles
 d - 4 throwing nets (quivered)
Armour
 b - a +0 robe (worn)
 m - a +1 hat (worn)
 B - a +0 cloak of magic resistance (worn)
Jewellery
 f - an uncursed ring of flight
 s - a +3 ring of evasion (left hand)
 C - a ring of sustain attributes (right hand)
Wands
 p - a wand of digging (13)
 q - a wand of magic darts (7)
 y - a wand of fireball (8)
 A - a wand of magic darts (33)
 D - a wand of teleportation (2)
Scrolls
 c - 2 scrolls of teleportation
 h - 3 scrolls of noise
 k - 6 scrolls of remove curse
 K - a scroll of amnesia
 L - a scroll of magic mapping {unknown}
Potions
 i - a potion of mutation
 j - a potion of magic
 l - 2 potions of cure mutation
 o - 2 potions of heal wounds {unknown}
 r - 2 potions of brilliance
 t - 4 potions of haste
 v - 4 potions of curing {unknown}
 x - a potion of resistance {unknown}
 z - 2 potions of ambrosia {unknown}
Books
 g - a Necronomicon

   Spells                             Type                      Level
   a - Haunt                          Necromancy/Summoning         7
   b - Borgnjor's Revivification      Necromancy                   8
   c - Death's Door                   Charms/Necromancy            8
   d - Necromutation                  Transmutation/Necromancy     8
 H - a book of Flames

   Spells                             Type                      Level
   a - Flame Tongue                   Conjuration/Fire             1
   b - Throw Flame                    Conjuration/Fire             2
   c - Conjure Flame                  Conjuration/Fire             3
   d - Inner Flame                    Hexes/Fire                   3
   e - Sticky Flame                   Conjuration/Fire             4
   f - Fireball                       Conjuration/Fire             5
 I - a book of Power

   Spells                             Type                      Level
   a - Fulminant Prism                Conjuration/Hexes            4
   b - Iskenderun's Mystic Blast      Conjuration                  4
   c - Venom Bolt                     Conjuration/Poison           5
   d - Bolt of Magma                  Conjuration/Fire/Earth       5
   e - Iron Shot                      Conjuration/Earth            6
   f - Orb of Destruction             Conjuration                  7
   g - Spellforged Servitor           Conjuration/Summoning        7
Comestibles
 e - 10 bread rations
 n - 3 meat rations
 w - 3 royal jellies


   Skills:
 + Level 13.2 Fighting
 + Level 13.3 Maces & Flails
 - Level 2.0 Throwing
 + Level 9.9 Dodging


You had 10 spell levels left.
You didn't know any spells.

Dungeon Overview and Level Annotations

Branches:
Dungeon (11/15)            Temple (0/1) D:6             Orc (0/4) D:9
   Lair: D:8-11

Altars:
Ashenzari
Cheibriados
Elyvilon
Fedhas
Gozag
Kikubaaqudgha
Makhleb
Nemelex Xobeh
Okawaru
Qazlal
Trog
Xom
Zin
The Shining One

Shops:
D:4 [   D:5 !   D:10 ([(   D:11 %!


Innate Abilities, Weirdness & Mutations

You are too large for most types of armour.
You have tough skin (AC +1).


Message History

You hit the manticore.
The manticore is severely wounded.
The manticore bites you but does no damage.
The manticore closely misses you. The manticore misses you.
You completely miss the manticore.
The manticore is severely wounded.
The manticore misses you.
The manticore claws you but does no damage.
The manticore barely misses you.
You hit the manticore.
The manticore is severely wounded.
The manticore barely misses you. The manticore closely misses you.
The manticore claws you!
* * * LOW HITPOINT WARNING * * *
You barely miss the manticore.
The manticore is severely wounded.
The manticore bites you but does no damage.
The manticore claws you but does no damage.
The manticore claws you!
You die...

#.....#
####.#######
#..<..#
#...........
#.....#
#..##.#######
#.....+ ....
##.# #..)..#
### ##..#
##+#### #..##
#.## #.# #@#
#..∩H.#
#.#.#.#
#....... #
... ...
........#
..... ..#
......?./#


You could see a manticore.

Vanquished Creatures
  A hydra (D:11)
  4 hill giants
  A gargoyle (D:8)
  Prince Ribbit (D:7)
  A spriggan (D:8)
  A shadow (D:11)
  2 steam dragons
  6 yaks (D:10)
  2 hungry ghosts (D:10)
  2 sky beasts (D:8)
  7 orc warriors
  A necrophage (D:8)
  A wasp (D:7)
  A crocodile (D:9)
  4 ice beasts
  5 ogres
  2 phantoms (D:10)
  A centaur (D:11)
  2 big kobolds (D:7)
  4 giant frogs
  2 scorpions
  7 killer bees (D:9)
  4 crimson imps
  2 jellies
  A giant frog zombie (D:8)
  4 orc priests
  2 centaur zombies
  A giant frog skeleton (D:4)
  7 hounds
  2 centaur skeletons
  5 iguanas
  Ijyb (D:2)
  A lava snake (D:9)
  Terence (D:3)
  Natasha (thrice) (D:3)
  A gnoll shaman (D:6)
  8 orc wizards
  12 worker ants
  A hound zombie (D:6)
  A hound skeleton (D:7)
  8 gnolls
  A shadow imp (D:5)
  7 adders
  An ooze (D:6)
  3 adder skeletons
  5 worms
  6 giant geckos
  51 orcs
  5 bats
  6 giant cockroaches
  8 goblins
  4 hobgoblins
  14 kobolds
  7 quokkas
  2 ball pythons
  5 giant newts
  10 jackals
  A quokka skeleton (D:4)
  5 rats
264 creatures vanquished.

Notes
Turn   | Place    | Note
--------------------------------------------------------------
     0 | D:1      | Kloppie the Ogre Gladiator began the quest for the Orb.
     0 | D:1      | Reached XP level 1. HP: 22/22 MP: 1/1
   238 | D:1      | Reached XP level 2. HP: 28/31 MP: 2/2
   550 | D:2      | Noticed Ijyb
   558 | D:2      | Killed Ijyb
   558 | D:2      | Reached XP level 3. HP: 32/39 MP: 3/3
   604 | D:2      | Found a shattered altar of Ashenzari.
  1180 | D:2      | Reached skill level 5 in Maces & Flails
  1267 | D:2      | Reached XP level 4. HP: 48/48 MP: 4/4
  1551 | D:3      | Found an opulent altar of Gozag.
  1656 | D:3      | Found a burning altar of Makhleb.
  1661 | D:3      | Became a worshipper of Makhleb the Destroyer
  1722 | D:3      | Noticed Natasha
  1741 | D:3      | Killed Natasha
  2261 | D:3      | Noticed Natasha
  2265 | D:3      | Killed Natasha
  2265 | D:3      | Reached XP level 5. HP: 48/55 MP: 5/5
  2310 | D:3      | Noticed Natasha
  2319 | D:3      | Killed Natasha
  2561 | D:3      | Noticed Terence
  2574 | D:3      | Killed Terence
  2619 | D:3      | Reached * piety under Makhleb
  3007 | D:3      | Reached skill level 5 in Fighting
  3007 | D:3      | Reached skill level 6 in Maces & Flails
  3009 | D:3      | Reached XP level 6. HP: 30/66 MP: 6/6
  3290 | D:4      | Found a snail-covered altar of Cheibriados.
  3293 | D:4      | Noticed an ogre
  3302 | D:4      | Killed an ogre
  3842 | D:4      | Found Fod Cem's Antique Armour Shoppe.
  3846 | D:4      | Bought an embroidered cloak for 94 gold pieces
  4347 | D:5      | Entered Level 5 of the Dungeon
  4383 | D:4      | Reached XP level 7. HP: 44/74 MP: 7/7
  4459 | D:4      | Reached ** piety under Makhleb
  4666 | D:4      | Reached skill level 7 in Maces & Flails
  5092 | D:5      | Reached skill level 5 in Dodging
  5128 | D:5      | Found Aklonei's Distillery.
  5243 | D:5      | Got a crude great mace
  5248 | D:5      | Identified the +3 great mace of Nerumom {elec, +Blink rElec rPois Dex-4} (You found it on level 5 of the Dungeon)
  5262 | D:5      | Found a blossoming altar of Fedhas.
  5265 | D:5      | Found an ancient bone altar of Kikubaaqudgha.
  5378 | D:5      | Found a glowing golden altar of the Shining One.
  5714 | D:6      | Found a shimmering altar of Xom.
  5794 | D:6      | Reached XP level 8. HP: 87/87 MP: 8/8
  5861 | D:6      | Reached *** piety under Makhleb
  5861 | D:6      | Reached skill level 8 in Maces & Flails
  5874 | D:6      | Found a staircase to the Ecumenical Temple.
  5981 | D:6      | Noticed Prince Ribbit
  6332 | D:6      | Found a white marble altar of Elyvilon.
  6884 | D:6      | Found a sparkling altar of Nemelex Xobeh.
  6969 | D:7      | Reached skill level 9 in Maces & Flails
  7039 | D:7      | Reached **** piety under Makhleb
  7249 | D:7      | Reached XP level 9. HP: 97/97 MP: 9/9
  7250 | D:7      | Found an iron altar of Okawaru.
  7361 | D:7      | Killed Prince Ribbit
  7376 | D:7      | Found a sparkling altar of Nemelex Xobeh.
  7432 | D:7      | Reached skill level 10 in Maces & Flails
  8097 | D:8      | Reached skill level 10 in Fighting
  8155 | D:8      | HP: 6/151 [something (6)]
  8812 | D:8      | Reached XP level 10. HP: 16/110 MP: 10/10
  8825 | D:8      | Reached skill level 11 in Maces & Flails
  9284 | D:8      | Reached ***** piety under Makhleb
  9441 | D:8      | Noticed a gargoyle
  9454 | D:8      | Killed a gargoyle
  9696 | D:9      | Found a stormy altar of Qazlal.
 10325 | D:9      | Found a glowing silver altar of Zin.
 10841 | D:9      | Found a bloodstained altar of Trog.
 11487 | D:9      | Found a staircase to the Orcish Mines.
 11642 | D:10     | Entered Level 10 of the Dungeon
 11661 | D:10     | Found Kuutoiff's Armour Boutique.
 11721 | D:10     | Found Irof's Antique Weapon Shop.
 11799 | D:10     | Reached skill level 12 in Maces & Flails
 11873 | D:10     | Found Sebaoji's Armour Shop.
 11889 | D:10     | Noticed a hill giant
 11908 | D:10     | Killed a hill giant
 11908 | D:10     | Reached XP level 11. HP: 80/123 MP: 11/11
 12030 | D:10     | Noticed a hill giant
 12035 | D:10     | Killed a hill giant
 12180 | D:10     | Noticed a hill giant
 12206 | D:10     | Killed a hill giant
 12206 | D:10     | Reached skill level 13 in Maces & Flails
 12427 | D:10     | Found Ruzusar's Weapon Boutique.
 12507 | D:11     | Found Iketips's Food Emporium.
 12528 | D:11     | Noticed a hill giant
 12541 | D:11     | Killed a hill giant
 12644 | D:11     | Noticed a seven-headed hydra
 12658 | D:11     | Killed a seven-headed hydra
 12963 | D:11     | Found Coragum's Distillery.
 12990 | D:11     | HP: 3/126 [manticore (10)]
 12991 | D:11     | Mangled by a manticore

Action                   |  1- 3 |  4- 6 |  7- 9 | 10-12 || total
-------------------------+-------+-------+-------+-------++-------
Melee: Flail             |    82 |   243 |    73 |       ||   398
       Morningstar       |       |       |   362 |   345 ||   707
Throw: Throwing net      |       |     7 |     1 |     3 ||    11
Evoke: Wand              |       |       |       |     2 ||     2
  Use: Scroll            |       |       |    15 |     1 ||    16
       Potion            |       |       |     2 |     2 ||     4
 Stab: Held in net/web   |       |     7 |     1 |       ||     8
       Sleeping          |       |       |     3 |       ||     3
       Distracted        |       |       |     1 |     1 ||     2
  Eat: Chunk             |       |    11 |    13 |    11 ||    35
       Fruit             |       |       |     2 |       ||     2
       Bread ration      |       |       |       |     1 ||     1
